 Dungeon Crawl Stone Soup version 0.27.0-1-g7a089689b8 (webtiles) character file.

Game seed: 6002041429580909348

1121 twist the Twirler (level 8, 0/50 HPs)
             Began as a Djinni Ice Elementalist on July 31, 2021.
             Splashed by an acid dragon's acid (10 damage)
             ... on level 5 of the Dungeon.
             The game lasted 00:12:15 (8376 turns).

twist the Twirler (Djinni Ice Elementalist)         Turns: 8376, Time: 00:12:15

Health: 0/50       AC:  1    Str:  7    XL:     8   Next: 61%
Gold:   317        EV: 12    Int: 19    God:
                   SH:  0    Dex: 14

rFire    + + .     SeeInvis .   h - +0 lajatang
rCold    x . .     Faith    .   (shield currently unavailable)
rNeg     . . .     Spirit   .   g - +2 leather armour
rPois    ∞         Reflect  .   (no helmet)
rElec    .         Harm     .   (no cloak)
rCorr    .         Rampage  .   (no gloves)
Will     .....                  (boots unavailable)
Stlth    ++........             (no amulet)
HPRegen  0.16/turn              (no ring)
MPRegen  0.00/turn              (no ring)

@: corroded, flying, studying Spellcasting
A: sickness immunity, fire resistance 2, cold vulnerability 1, float, innate
caster, hp casting, extra vitality 1
a: no special abilities


You were on level 5 of the Dungeon.
You visited 2 branches of the dungeon, and saw 6 of its levels.

You collected 317 gold pieces.

Inventory:

Hand Weapons
 c - a +2 dagger of venom
 e - a +2 whip of holy wrath
 h - a +0 lajatang (weapon)
Missiles
 j - 2 curare-tipped darts
 l - 9 poisoned darts (quivered)
Armour
 a - a +0 robe
 g - a +2 leather armour (worn)
Scrolls
 o - a scroll of fear
Potions
 b - a potion of might {unknown}
 d - a potion of lignification
 f - a potion of heal wounds
 i - a potion of attraction
 k - a potion of ambrosia {unknown}
 m - a potion of flight {unknown}
 n - a potion of haste
 p - a potion of degeneration {unknown}


   Skills:
 - Level 0.1 Fighting
 + Level 7.8 Staves
 + Level 2.5 Armour
 - Level 2.6 Dodging
 - Level 1.6 Stealth
 - Level 3.9 Spellcasting


You couldn't memorise any spells.
You knew the following spells:

 Your Spells              Type           Power      Damage    Failure   Level
a - Freeze                Ice            72%        1d9       4%          1
b - Frozen Ramparts       Ice            36%        1d5       12%         3
c - Ozocubu's Armour      Ice            18%        N/A       12%         3
d - Hailstorm             Conj/Ice       18%        3d6       38%         4
e - Foxfire               Conj/Fire      72%        2x1d7     4%          1
f - Wereblood             Tmut           18%        N/A       6%          2
g - Call Canine Familiar  Summ           18%        N/A       12%         3
Your spell library was empty.

Dungeon Overview and Level Annotations

Branches:
Dungeon (5/15)             Temple (1/1) D:5

Altars:
Dithmenos
Qazlal
Ru
Sif Muna
Uskayaw
Vehumet
Wu Jian
Xom
Yredelemnul
Zin
The Shining One

Shops:
D:1 *   D:4 :

Annotations:
D:4 exclusion: statue


Innate Abilities, Weirdness & Mutations

You are immune to sickness and miasma.
You are immune to poison.
Your flesh is very heat resistant. (rF++)
You are vulnerable to cold. (rC-)
You float through the air rather than walking.
You learn spells naturally, not from books.
Your magical power is your life essence.
You have superior vitality. (+4 HP)


Message History

The wall freezes the steam dragon.
The steam dragon barely misses you.
The steam dragon claws you but does no damage.
You barely miss the steam dragon.
The steam dragon is severely wounded.
The frozen ramparts melt away.
The steam dragon bites you. The steam dragon closely misses you.
You barely miss the steam dragon.
The steam dragon is severely wounded.
The steam dragon breathes steam at you. The ball of steam hits you. You resist.
You hear a roar!
Unknown command.
You closely miss the steam dragon.
The steam dragon is severely wounded.
The steam dragon bites you but does no damage.
The steam dragon claws you but does no damage.
Unknown command.
Casting: Frozen Ramparts (dangerous; 12% risk of failure)
Confirm with . or Enter, or press ? or * to list all spells.
Casting: Frozen Ramparts (dangerous; 12% risk of failure)
Press: ? - help, Dir - look around, f - activate
There is a cloud of steam here.
The walls around you are covered in ice.
The wall freezes the steam dragon.
The steam dragon bites you! The steam dragon claws you.
Unknown command.
You slash the steam dragon!
You kill the steam dragon!
Unknown command.
You start resting.
The frozen ramparts melt away.
An acid dragon comes into view.
An acid dragon is nearby!
An acid dragon is nearby!
The acid dragon roars!
The acid dragon spits acid at you. The splash of acid hits you!
* * * LOW HITPOINT WARNING * * *
The acid corrodes you!
You are splashed with acid!
You die...

≈≈≈≈≈≈≈≈≈≈≈≈P≈≈≈≈≈≈#####
≈≈≈≈.≈≈P≈≈≈≈≈.P..####
≈≈≈P≈≈≈≈≈P.≈P...≈...#
.P......(...........#
......####..........#
###### #..........# #
#...)......#
##########..........#
.D........D.....@...#
#########.########.###
....................>#
.##...#.#.########.#.#
.##.≈.#.#.###### #.#.#
.#.......D.........# .
.#.._.###.########## ##
.#......#...
.#..≈.#.#####


You could see an acid dragon (catching breath).

Vanquished Creatures
  Grinder (D:3)
  A steam dragon (D:5)
  2 black bears (D:4)
  2 kobold brigands (D:3)
  A killer bee zombie (D:5)
  2 hound skeletons (D:4)
  9 adders
  13 gnolls
  4 river rats (D:4)
  An ufetubus (D:4)
  2 adder zombies (D:4)
  7 worms
  2 dart slugs
  7 orcs (D:3)
  5 endoplasms
  2 giant cockroaches
  8 goblins
  9 hobgoblins
  4 jackals (D:3)
  8 quokkas
  4 ball pythons
  8 bats
  3 frilled lizards
  41 kobolds
  7 rats
153 creatures vanquished.

Vanquished Creatures (others)
  285 foxfires
  3 plants (D:5)
288 creatures vanquished.

Grand Total: 441 creatures vanquished

Notes
Turn   | Place    | Note
-------+----------+-------------------------------------------
     0 | D:1      | twist the Djinni Ice Elementalist began the quest for the
                  | Orb.
     0 | D:1      | Reached XP level 1. HP: 15/15 MP: 0/0
   208 | D:1      | Reached XP level 2. HP: 18/21 MP: 0/0
   994 | D:1      | Reached XP level 3. HP: 24/25 MP: 0/0
   994 | D:1      | Learned a level 1 spell: Foxfire
  1110 | D:1      | Found Siurar's Assorted Antiques.
  2020 | D:2      | Reached skill level 1 in Staves
  2020 | D:2      | Reached XP level 4. HP: 30/31 MP: 0/0
  2770 | D:2      | Reached skill level 2 in Staves
  3144 | D:3      | Found a faded altar of an unknown god.
  3316 | D:3      | Reached XP level 5. HP: 32/35 MP: 0/0
  3316 | D:3      | Learned a level 2 spell: Wereblood
  4237 | D:3      | Reached skill level 3 in Staves
  4550 | D:3      | Reached XP level 6. HP: 38/40 MP: 0/0
  4568 | D:3      | Identified a scroll of acquirement
  4568 | D:3      | Acquired a manual of Spellcasting
  4611 | D:3      | Noticed Grinder
  4614 | D:3      | Paralysed by Grinder for 6 turns
  4870 | D:3      | Killed Grinder
  4871 | D:3      | Reached skill level 5 in Staves
  4871 | D:3      | Reached XP level 7. HP: 30/45 MP: 0/0
  4871 | D:3      | Learned a level 3 spell: Call Canine Familiar
  5241 | D:3      | Reached skill level 6 in Staves
  5547 | D:3      | HP: 1/45 [kobold brigand (7)]
  6186 | D:4      | Found Xuxoer's Book Emporium.
  6503 | D:4      | Reached XP level 8. HP: 46/50 MP: 0/0
  6866 | D:4      | Reached skill level 1 in Armour
  6981 | D:4      | Reached skill level 7 in Staves
  7850 | D:5      | Entered Level 5 of the Dungeon
  7856 | D:5      | Found a staircase to the Ecumenical Temple.
  7902 | D:5      | Found a stormy altar of Qazlal.
  7992 | Temple   | Entered the Ecumenical Temple
  8376 | D:5      | Splashed by an acid dragon's acid

Illustrated notes

Levels and vault maps discovered:
D:1:      shiori_arrival_maze, layout_rooms, serial_shops, nicolae_diamond_shop
D:2:      layout_basic
D:3:      minmay_goblin_kobold_castle, layout_rooms,
          shapermc_ecumenical_altar_notcrosses, kennysheep_path_1, uniq_grinder
D:4:      minmay_clustersquares, layout_gridville, vehumet_statue, serial_shops,
          shop, nicolae_ossuary_entry_plus, lightli_sewer_entry_pipes,
          minivault_23
D:5:      layout_basic, mainiacjoe_overflow_tiny_flanked, cheibriados_altar_1,
          minmay_temple_entry_sparse_star, chequers_big_river,
          kennysheep_generic_room_2
Temple:   nicolae_temple_figure_zero

Skill      XL: |  1  2  3  4  5  6  7  8 |
---------------+-------------------------+-----
Staves         | 1 2 3 5 6 7 |  7.8
Armour         | 2 |  2.5
Fighting       | |  0.1
Dodging        | |  2.6
Stealth        | |  1.6
Spellcasting   | |  3.9

Action                   |  1- 3 |  4- 6 |  7- 9 || total
-------------------------+-------+-------+-------++-------
Melee: Unarmed           |     1 |       |       ||     1
       Lajatang          |     6 |    21 |    77 ||   104
       Dagger            |     2 |       |       ||     2
Throw: Dart              |       |     7 |       ||     7
 Cast: Freeze            |    48 |    33 |     8 ||    89
       Frozen Ramparts   |       |     3 |    18 ||    21
       Foxfire           |       |   107 |    47 ||   154
       Ozocubu's Armour  |       |       |     1 ||     1
  Use: Scroll            |       |     4 |     4 ||     8
       Potion            |       |       |     2 ||     2
 Stab: Sleeping          |       |       |     1 ||     1
Armor: Robe              |     8 |       |       ||     8
       Leather armour    |     1 |    13 |    21 ||    35
Dodge: Dodged            |    28 |    37 |    73 ||   138
